BSA
PHILADELPHIA ATHLETICS @ EL DORADO OILERS
07/25/2028
 
TOP OF THE 1ST
Niagara Falls Frenzy batting - Pitching for El Dorado Oilers : RHP Barton Johnson
Pitching: RHP Barton Johnson
Batting: RHB Kel Pierce 0-0: Ball
1-0: Ball
2-0: SINGLE (Line Drive, 7LM)
Batting: RHB Zander Tremblett 0-0: Ball
1-0: Called Strike
1-1: Grounds into double play, 6-4-3 (Groundball, 6)
Batting: RHB Troy Lau 0-0: Ground out 6-3 (Groundball, 6)
Top of the 1st over - 0 run(s), 1 hit(s), 0 error(s), 0 left on base; Niagara Falls 0 - El Dorado 0
BOTTOM OF THE 1ST
El Dorado Oilers batting - Pitching for Niagara Falls Frenzy : RHP Otis Sykes
Pitching: RHP Otis Sykes
Batting: RHB Nick Webb 0-0: Foul Ball, location: 2F
0-1: Called Strike
0-2: Ground out 6-3 (Groundball, 6)
Batting: RHB Eric Johnson 0-0: Called Strike
0-1: Foul Ball, location: 2F
0-2: Foul Ball, location: 2F
0-2: DOUBLE (Line Drive, 78D)
Batting: LHB Tony Abete 0-0: Foul Ball, location: 2F
0-1: Ground out 4-3 (Groundball, 4)
Eric Johnson to third
Batting: RHB Valentín Borges Balk!
Eric Johnson scores
0-0: Ball
1-0: DOUBLE (Line Drive, 78XD)
Batting: LHB José Hernández 0-0: Ball
1-0: Swinging Strike
1-1: Ball
2-1: Ball
3-1: Base on Balls
Batting: RHB Chris Parker 0-0: Called Strike
0-1: SINGLE (Groundball, 56D)
Valentín Borges to third
José Hernández to second
Runner from 3rd tries for Home, SAFE, no throw
Batting: SHB Theron Harper 0-0: SINGLE (Groundball, 56D)
José Hernández to third
Chris Parker to second
Runner from 3rd tries for Home, SAFE, no throw
Batting: LHB José Martínez 0-0: Ball
1-0: SINGLE (Groundball, 6MD)
Chris Parker to third
Theron Harper to second
Runner from 3rd tries for Home, SAFE, no throw
Batting: RHB José Carlos Caraballo 0-0: Ball
1-0: Fielders Choice at 2nd, 4-6 (Groundball, 4)
Bottom of the 1st over - 4 run(s), 5 hit(s), 0 error(s), 1 left on base; Niagara Falls 0 - El Dorado 4
TOP OF THE 2ND
Niagara Falls Frenzy batting - Pitching for El Dorado Oilers : RHP Barton Johnson
Batting: LHB Clyde Yarbrough 0-0: Called Strike
0-1: Fly out, F8 (Flyball, 8RM)
Batting: RHB Anastasio Villa 0-0: Called Strike
0-1: Ball
1-1: SINGLE (Line Drive, 9LS)
Batting: LHB Yasuhiko Onodera 0-0: Called Strike
0-1: Foul Ball, location: 2F
0-2: Strikes out swinging
Batting: SHB Héctor Padilla 0-0: SINGLE (Groundball, 4MD)
Anastasio Villa to second
Batting: RHB Luther Stoffels 0-0: Called Strike
0-1: Ball
1-1: Called Strike
1-2: Fly out, F4 (Line Drive, 4M)
Top of the 2nd over - 0 run(s), 2 hit(s), 0 error(s), 2 left on base; Niagara Falls 0 - El Dorado 4
BOTTOM OF THE 2ND
El Dorado Oilers batting - Pitching for Niagara Falls Frenzy : RHP Otis Sykes
Batting: RHB Nick Webb 0-0: Ground out U3 (Groundball, 3)
Batting: RHB Eric Johnson 0-0: Foul Ball, location: 2F
0-1: Foul Ball, location: 2F
0-2: Ball
1-2: Strikes out looking
Batting: LHB Tony Abete 0-0: Foul Ball, location: 2F
0-1: Called Strike
0-2: Ball
1-2: TRIPLE (Line Drive, 89XD)
Batting: RHB Valentín Borges 0-0: Ball
1-0: Called Strike
1-1: Swinging Strike
1-2: Ball
2-2: Ground out 5-3 (Groundball, 56S)
Bottom of the 2nd over - 0 run(s), 1 hit(s), 0 error(s), 1 left on base; Niagara Falls 0 - El Dorado 4
TOP OF THE 3RD
Niagara Falls Frenzy batting - Pitching for El Dorado Oilers : RHP Barton Johnson
Batting: RHB Jung-ha Kim 0-0: Ball
1-0: Swinging Strike
1-1: Called Strike
1-2: Ball
2-2: Strikes out swinging
Batting: RHB Kel Pierce 0-0: Ball
1-0: Fly out, F9 (Flyball, 9LMF)
Batting: RHB Zander Tremblett 0-0: Called Strike
0-1: Foul Ball, location: 2F
0-2: Ball
1-2: Fly out, F9 (Flyball, 9LSF)
Top of the 3rd over - 0 run(s), 0 hit(s), 0 error(s), 0 left on base; Niagara Falls 0 - El Dorado 4
BOTTOM OF THE 3RD
El Dorado Oilers batting - Pitching for Niagara Falls Frenzy : RHP Otis Sykes
Batting: LHB José Hernández 0-0: Ball
1-0: Ball
2-0: Ball
3-0: Called Strike
3-1: SINGLE (Line Drive, 78S)
Batting: RHB Chris Parker 0-0: Ball
1-0: Called Strike
1-1: Called Strike
1-2: Strikes out swinging
Batting: SHB Theron Harper 0-0: Swinging Strike
0-1: Ball
1-1: Ball
2-1: Foul Ball, location: 2F
2-2: Ball
3-2: Ground out 4-3 (Groundball, 34D)
José Hernández to second
Batting: LHB José Martínez 0-0: Foul Ball, location: 2F
0-1: Ball
1-1: Ball
2-1: Swinging Strike
2-2: Strikes out swinging
Bottom of the 3rd over - 0 run(s), 1 hit(s), 0 error(s), 1 left on base; Niagara Falls 0 - El Dorado 4
TOP OF THE 4TH
Niagara Falls Frenzy batting - Pitching for El Dorado Oilers : RHP Barton Johnson
Batting: RHB Troy Lau 0-0: Called Strike
0-1: Foul Ball, location: 2F
0-2: Foul Ball, location: 2F
0-2: Ball
1-2: Fly out, F9 (Flyball, 9)
Batting: LHB Clyde Yarbrough 0-0: Fly out, F8 (Flyball, 8LM)
Batting: RHB Anastasio Villa 0-0: Called Strike
0-1: Foul Ball, location: 2F
0-2: Strikes out swinging
Top of the 4th over - 0 run(s), 0 hit(s), 0 error(s), 0 left on base; Niagara Falls 0 - El Dorado 4
BOTTOM OF THE 4TH
El Dorado Oilers batting - Pitching for Niagara Falls Frenzy : RHP Otis Sykes
Batting: RHB José Carlos Caraballo 0-0: Called Strike
0-1: Called Strike
0-2: Ground out 6-3 (Groundball, 56)
Batting: RHB Nick Webb 0-0: Ball
1-0: Foul Ball, location: 2F
1-1: Foul Ball, location: 2F
1-2: Ball
2-2: Ball
3-2: Ground out 5-3 (Groundball, 5S)
Batting: RHB Eric Johnson 0-0: Ground out U3 (Groundball, 3)
Bottom of the 4th over - 0 run(s), 0 hit(s), 0 error(s), 0 left on base; Niagara Falls 0 - El Dorado 4
TOP OF THE 5TH
Niagara Falls Frenzy batting - Pitching for El Dorado Oilers : RHP Barton Johnson
Batting: LHB Yasuhiko Onodera 0-0: Called Strike
0-1: Ground out U3 (Groundball, 34)
Batting: SHB Héctor Padilla 0-0: Swinging Strike
0-1: Foul Ball, location: 2F
0-2: Ball
1-2: Strikes out swinging
Batting: RHB Luther Stoffels 0-0: Ball
1-0: Called Strike
1-1: Called Strike
1-2: Ground out U3 (Groundball, 34)
Top of the 5th over - 0 run(s), 0 hit(s), 0 error(s), 0 left on base; Niagara Falls 0 - El Dorado 4
BOTTOM OF THE 5TH
El Dorado Oilers batting - Pitching for Niagara Falls Frenzy : RHP Otis Sykes
Batting: LHB Tony Abete 0-0: Fly out, F6 (Line Drive, 56)
Batting: RHB Valentín Borges 0-0: Ball
1-0: Ball
2-0: Called Strike
2-1: Ball
3-1: Fly out, F3 (Line Drive, 34)
Batting: LHB José Hernández 0-0: Called Strike
0-1: Ball
1-1: Called Strike
1-2: Ball
2-2: Fly out, F8 (Flyball, 89D)
Bottom of the 5th over - 0 run(s), 0 hit(s), 0 error(s), 0 left on base; Niagara Falls 0 - El Dorado 4
TOP OF THE 6TH
Niagara Falls Frenzy batting - Pitching for El Dorado Oilers : RHP Barton Johnson
Batting: RHB Jung-ha Kim 0-0: Swinging Strike
0-1: Ball
1-1: Ball
2-1: Ball
3-1: Foul Ball, location: 2F
3-2: Fly out, F8 (Flyball, 8LD)
Batting: RHB Kel Pierce 0-0: Called Strike
0-1: Called Strike
0-2: Strikes out looking
Batting: RHB Zander Tremblett 0-0: Ball
1-0: Fly out, F9 (Line Drive, 89D)
Top of the 6th over - 0 run(s), 0 hit(s), 0 error(s), 0 left on base; Niagara Falls 0 - El Dorado 4
BOTTOM OF THE 6TH
El Dorado Oilers batting - Pitching for Niagara Falls Frenzy : RHP Otis Sykes
Batting: RHB Chris Parker 0-0: Called Strike
0-1: Ball
1-1: Ball
2-1: Ball
3-1: Base on Balls
Batting: SHB Theron Harper 0-0: Ball
1-0: Foul Ball, location: 2F
1-1: Ball
2-1: Reached on error, E4 (Groundball, 4)
Chris Parker to second
Batting: LHB José Martínez 0-0: Ball
1-0: Fielders Choice at 2nd, 1-6 (Groundball, 13S)
Chris Parker to third
Batting: RHB José Carlos Caraballo 0-0: Called Strike
0-1: Foul Ball, location: 2F
0-2: Ball
1-2: Foul Ball, location: 2F
1-2: Ball
2-2: Fly out, F4 (Popup, 34D)
Batting: RHB Nick Webb 0-0: Ball
1-0: Foul Ball, location: 2F
1-1: Ball
2-1: Ball
3-1: Foul Ball, location: 2F
3-2: SINGLE (Line Drive, 9S)
Chris Parker scores
José Martínez to second
José Martínez to third
Pitching: RHP George Nelson
Batting: RHB Eric Johnson 0-0: Ball
1-0: Called Strike
1-1: Fly out, F9 (Flyball, 89S)
Bottom of the 6th over - 1 run(s), 1 hit(s), 1 error(s), 2 left on base; Niagara Falls 0 - El Dorado 5
TOP OF THE 7TH
Niagara Falls Frenzy batting - Pitching for El Dorado Oilers : RHP Barton Johnson
Batting: RHB Troy Lau 0-0: Called Strike
0-1: Swinging Strike
0-2: Strikes out swinging
Batting: LHB Clyde Yarbrough 0-0: Called Strike
0-1: Ball
1-1: Ball
2-1: Ball
3-1: Foul Ball, location: 2F
3-2: Foul Ball, location: 2F
3-2: Fly out, F7 (Flyball, 7LM)
Batting: RHB Anastasio Villa 0-0: Foul Ball, location: 2F
0-1: Swinging Strike
0-2: Ball
1-2: Foul Ball, location: 2F
1-2: Ball
2-2: Foul Ball, location: 2F
2-2: Ground out 5-3 (Groundball, 56S)
Top of the 7th over - 0 run(s), 0 hit(s), 0 error(s), 0 left on base; Niagara Falls 0 - El Dorado 5
BOTTOM OF THE 7TH
El Dorado Oilers batting - Pitching for Niagara Falls Frenzy : RHP George Nelson
Batting: LHB Tony Abete 0-0: Ball
1-0: Called Strike
1-1: Swinging Strike
1-2: Strikes out swinging
Batting: RHB Valentín Borges 0-0: Foul Ball, location: 2F
0-1: Ball
1-1: Ground out 5-3 (Groundball, 5L)
Batting: LHB José Hernández 0-0: Called Strike
0-1: Ball
1-1: Foul Ball, location: 2F
1-2: Ball
2-2: Ball
3-2: SINGLE (Line Drive, 6M)
Batting: RHB Chris Parker 0-0: Called Strike
0-1: Ball
1-1: Ball
2-1: Swinging Strike
2-2: Foul Ball, location: 2F
2-2: Strikes out swinging
Bottom of the 7th over - 0 run(s), 1 hit(s), 0 error(s), 1 left on base; Niagara Falls 0 - El Dorado 5
TOP OF THE 8TH
Niagara Falls Frenzy batting - Pitching for El Dorado Oilers : RHP Barton Johnson
Batting: LHB Yasuhiko Onodera 0-0: Called Strike
0-1: Swinging Strike
0-2: Foul Ball, location: 2F
0-2: SINGLE (Groundball, 34D)
Batting: SHB Héctor Padilla 0-0: Called Strike
0-1: Ball
1-1: Called Strike
1-2: Ground out 4-3 (Groundball, 4MS)
Yasuhiko Onodera to second
Batting: RHB Luther Stoffels 0-0: Swinging Strike
0-1: Ball
1-1: Ball
2-1: Foul Ball, location: 2F
2-2: Ground out 6-3 (Groundball, 6)
Batting: RHB Jung-ha Kim 0-0: Foul Ball, location: 2F
0-1: Swinging Strike
0-2: Ball
1-2: Strikes out swinging
Top of the 8th over - 0 run(s), 1 hit(s), 0 error(s), 1 left on base; Niagara Falls 0 - El Dorado 5
BOTTOM OF THE 8TH
El Dorado Oilers batting - Pitching for Niagara Falls Frenzy : RHP George Nelson
Batting: SHB Theron Harper 0-0: Ball
1-0: Ball
2-0: Fly out, F7 (Flyball, 7LS)
Batting: LHB José Martínez 0-0: Ball
1-0: SINGLE (Flyball, 6MD)
Batting: RHB José Carlos Caraballo 0-0: Called Strike
0-1: Swinging Strike
0-2: Strikes out swinging
Batting: RHB Nick Webb 0-0: SINGLE (Groundball, 34) (infield hit)
José Martínez to second
Batting: RHB Eric Johnson 0-0: Foul Ball, location: 2F
0-1: Swinging Strike
0-2: Ball
1-2: Strikes out looking
Bottom of the 8th over - 0 run(s), 2 hit(s), 0 error(s), 2 left on base; Niagara Falls 0 - El Dorado 5
TOP OF THE 9TH
Niagara Falls Frenzy batting - Pitching for El Dorado Oilers : RHP Barton Johnson
Batting: RHB Kel Pierce 0-0: SINGLE (Groundball, 56S) (infield hit)
Batting: RHB Zander Tremblett 0-0: Fly out, F4 (Popup, 4)
Batting: RHB Troy Lau 0-0: Called Strike
Balk!
Kel Pierce to second
0-1: Swinging Strike
0-2: Strikes out swinging
Pitching: RHP Craig Draper
Batting: LHB Clyde Yarbrough 0-0: Called Strike
0-1: Ball
1-1: Ball
2-1: Fly out, F4 (Popup, 34)
Top of the 9th over - 0 run(s), 1 hit(s), 0 error(s), 1 left on base; Niagara Falls 0 - El Dorado 5
Tuesday, August 8th, 2017 - OOTP Baseball 17.12 Build 75